 Dungeon Crawl Stone Soup version 0.28.0-45-g0d030f2227 (webtiles) character file.

Game seed: 16718897939057980461

21 mortz the Conjurer (level 2, 0/15 HPs)
             Began as a Deep Elf Conjurer on Apr 19, 2022.
             Killed from afar by Sigmund (5 damage)
             ... with a puff of flame
             ... on level 2 of the Dungeon.
             The game lasted 00:04:46 (1045 turns).

mortz the Conjurer (Deep Elf Conjurer)              Turns: 1045, Time: 00:04:46

Health: 0/15       AC:  3    Str:  4    XL:     2   Next: 62%
Magic:  0/8        EV: 12    Int: 22    God:
Gold:   45         SH:  0    Dex: 13    Spells: 4/7 levels left

rFire   . . .      SeeInvis .   d - +0 dagger (elec) {short}
rCold   . . .      Faith    .   (no shield)
rNeg    . . .      Spirit   .   a - +0 robe
rPois   .          Reflect  .   i - +0 helmet
rElec   .          Harm     .   (no cloak)
rCorr   .          Rampage  .   (no gloves)
Will    .....                   (no boots)
Stlth   ++........              (no amulet)
HPRegen 0.05/turn               (no ring)
MPRegen 0.11/turn               (no ring)

@: no status effects
A: no striking features
a: no special abilities


You were on level 2 of the Dungeon.
You visited 1 branch of the dungeon, and saw 2 of its levels.

You collected 45 gold pieces.


   Skills:
 + Level 2.4 Dodging
 + Level 2.4 Stealth
 + Level 3.1 Spellcasting
 + Level 5.2 Conjurations


You had 4 spell levels left.
You knew the following spells:

 Your Spells              Type           Power      Damage    Failure   Level
a - Magic Dart            Conj           100%       1d8       1%          1
b - Searing Ray           Conj           52%        2d6       2%          2

Your spell library contained the following spells:

 Spells                   Type           Power      Damage    Failure   Level
 Dazzling Flash           Conj/Hex       28%        N/A       13%         3
 Fulminant Prism          Conj/Hex       7%         3d7       38%         4
 Iskenderun's Mystic Bla  Conj/Tloc      14%        2d5       38%         4

Inventory:

Hand Weapons
 d - a +0 dagger of electrocution (weapon) {short}
   (You took it off a kobold on level 1 of the Dungeon)
Missiles
 e - 24 stones {throwing}
 f - 18 arrows
Armour
 a - a +0 robe (worn)
 i - a +0 helmet (worn)
   (You found it on level 1 of the Dungeon)
Scrolls
 k - 3 scrolls of magic mapping {unknown}
Potions
 b - 2 potions of degeneration {unknown}
 c - a potion of ambrosia {unknown}
 g - a potion of flight {unknown}
 h - a potion of attraction {unknown}
 j - a potion of magic {unknown}

Dungeon Overview and Level Annotations

Branches:
Dungeon (2/15)

Altars:

Annotations:
D:2 Sigmund

###### #.....##.#
#....# #.....##.#
#.##.#####.....##.#
#.#.....#....^..#.#
#.#####.#.....#.#.#
#.....#<......#.#.#
#####.#.##....#.#.#
#.#.......#...#
#@##########..# #.#
#..# #.# #..#
####.# #..#
#+##########..@.#
#..#
..........##.####
#..# .......?.....#
... #..#
..........##.# ....
#..####
..........####
....####>....


You could see Sigmund.


Message History

Casting: Magic Dart (safe; 1% risk of failure)
Confirm with . or Enter, or press ? or * to list all spells.
Aiming: Searing Ray (safe; 2% risk of failure)
Press: ? - help, Shift-Dir - straight line, f - hobgoblin
Aim: a hobgoblin (79% to hit)
The searing ray hits the hobgoblin.
You kill the hobgoblin! (Press . to maintain the ray.) 😎 MP[-2]
You lost 2 mp, and now have 6/8 mp.
You see here a hobgoblin corpse.
There is a stone staircase leading down here.
Found a stone staircase leading up. 😎 MP[+2]
Your mp is fully restored (8).
j - a sedimented emerald potion
k - 3 scrolls labelled ASKAEW SEWKEDUS Sigmund the Dreaded comes into view.
He is wielding a +1 scythe of holy wrath.
Sigmund shouts!
You see here a scroll labelled MEXTAXAJAP.
Aiming: Magic Dart (safe; 1% risk of failure)
Press: ? - help, Q - select action, (/) - cycle Shift-Dir - straight line, f - Sigmund
Aim: Sigmund, wielding a +1 scythe of holy wrath and wearing a +0 robe (100% to hit)
The magic dart hits Sigmund.
Sigmund points at you and mumbles some strange words.
You resist with significant effort. 😎 MP[-1]
You lost 1 mp, and now have 7/8 mp.
Aiming: Magic Dart (safe; 1% risk of failure)
Press: ? - help, Q - select action, (/) - cycle Shift-Dir - straight line, f/p - Sigmund
Aim: Sigmund, wielding a +1 scythe of holy wrath and wearing a +0 robe (lightly wounded, 100% to hit)
The magic dart hits Sigmund but does no damage. 😎 MP[-1]
You lost 1 mp, and now have 6/8 mp.
Casting: Magic Dart (safe; 1% risk of failure)
Confirm with . or Enter, or press ? or * to list all spells.
You can't see any susceptible monsters within range! (Use Z to cast anyway.) Unknown command.
Aiming: Magic Dart (safe; 1% risk of failure)
Press: ? - help, Q - select action, (/) - cycle Shift-Dir - straight line, f/p - Sigmund
Aim: Sigmund, wielding a +1 scythe of holy wrath and wearing a +0 robe (lightly wounded, 100% to hit)
The magic dart hits Sigmund!
Sigmund looks at you with fury. 😎 MP[-1]
You lost 1 mp, and now have 5/8 mp.
Casting: Magic Dart (safe; 1% risk of failure)
Confirm with . or Enter, or press ? or * to list all spells.
Aiming: Searing Ray (safe; 2% risk of failure)
Press: ? - help, Shift-Dir - straight line, f/p - Sigmund
Aim: Sigmund, wielding a +1 scythe of holy wrath and wearing a +0 robe (moderately wounded, 77% to hit)
The searing ray hits Sigmund. (Press . to maintain the ray.) 😎 MP[-2]
You lost 2 mp, and now have 3/8 mp.
The searing ray hits Sigmund! 😎 MP[-1]
You lost 1 mp, and now have 2/8 mp.
The searing ray misses Sigmund. 😎 MP[-1]
You lost 1 mp, and now have 1/8 mp.
The searing ray misses Sigmund.
You finish channelling your searing ray.
Sigmund misses you. 😎 MP[-1]
You lost 1 mp, and now have 0/8 mp. 😎 MP[+1] Sigmund casts a spell at you.
The magic dart hits you. 😮 HP[-6]
You take 6 damage, and now have 9/15 hp.
MASSIVE DAMAGE!! (PAUSE)
Aiming: Magic Dart (safe; 1% risk of failure)
Press: ? - help, Q - select action, (/) - cycle Shift-Dir - straight line, f/p - Sigmund
Aim: Sigmund, wielding a +1 scythe of holy wrath and wearing a +0 robe (severely wounded, 100% to hit)
The magic dart hits Sigmund. 😮 MP[-1]
You lost 1 mp, and now have 0/8 mp. 😮 HP[+1] Sigmund casts a spell at you.
You are confused.
Sigmund barely misses you.
You bump into the rock wall.
You bump into the rock wall.
Sigmund hits you from afar with a +1 scythe of holy wrath.
* * * LOW HITPOINT WARNING * * *
😨 HP[-5] MP[+1]
You take 5 damage, and now have 5/15 hp.
MASSIVE DAMAGE!! (PAUSE) Unknown command.
You feel less confused.
Aiming: Magic Dart (safe; 1% risk of failure)
Press: ? - help, Q - select action, (/) - cycle Shift-Dir - straight line, f/p - Sigmund
Aim: Sigmund, wielding a +1 scythe of holy wrath and wearing a +0 robe (severely wounded, 100% to hit)
The magic dart hits Sigmund.
Sigmund barely misses you. 😨 MP[-1]
You lost 1 mp, and now have 0/8 mp.
Sigmund casts a spell at you. The puff of flame hits you.
You die...

Skill      XL: |  1  2 |
---------------+-------+-----
Conjurations   | 5 |  5.2
Dodging        | |  2.4
Stealth        | |  2.4
Spellcasting   | |  3.1

Action                   || total
-------------------------++-------
Melee: Dagger            ||     3
 Cast: Magic Dart        ||    28
       Searing Ray       ||     4
Armor: Robe              ||     2
Dodge: Dodged            ||    10

Levels and vault maps discovered:
D:1:      giann_bridges, layout_rooms, st_stairs_14, minmay_misc_feat_enclosed
D:2:      layout_basic, uniq_crazy_yiuf_cottage, uniq_sigmund

Notes
Turn   | Place    | Note
-------+----------+-------------------------------------------
     0 | D:1      | mortz the Deep Elf Conjurer began the quest for the Orb.
     0 | D:1      | Reached XP level 1. HP: 10/10 MP: 6/6
     0 | D:1      | magus.rc [v1.9.6]
    58 | D:1      | HP: 2/10 [ball python (1)]
   360 | D:1      | Reached XP level 2. HP: 15/15 MP: 5/8
   363 | D:1      | Learned a level 2 spell: Searing Ray
   422 | D:1      | Reached skill level 5 in Conjurations
  1021 | D:2      | Noticed Sigmund
  1045 | D:2      | Killed from afar by Sigmund

Vanquished Creatures
  3 endoplasms (D:1)
  4 goblins (D:1)
  A hobgoblin (D:2)
  A quokka (D:1)
  3 ball pythons (D:1)
  2 bats (D:1)
  A frilled lizard (D:1)
  4 kobolds (D:1)
  A rat (D:1)
20 creatures vanquished.

Table legend:
 A = Non-vault XP
 B = Vault XP
 C = Vault XP percentage of total XP
 D = Non-vault monster count
 E = Vault monster count
 F = Vault count percentage of total count
                 A         B        C        D         E       F
            +---------+---------+-------+---------+---------+-------
      Total |      29 |       1 |   3.3 |      19 |       1 |   5.0
            +---------+---------+-------+---------+---------+-------
        D:1 |      27 |       1 |   3.6 |      18 |       1 |   5.3
        D:2 |       2 |       0 |   0.0 |       1 |       0 |   0.0
            +---------+---------+-------+---------+---------+-------

Illustrated notes

Table legend:
 A = Kills in this place as a percentage of kills in entire the game.
 B = Kills by you in this place as a percentage of kills by you in the entire game.
 C = Kills by friends in this place as a percentage of kills by friends in the entire game.
 D = Other kills in this place as a percentage of other kills in the entire game.
 E = Experience gained in this place as a percentage of experience gained in the entire game.
 F = Experience gained in this place divided by the number of levels of this place that you have seen.
                   A       B       C       D       E      F
               +-------+-------+-------+-------+-------+----------------------
         Total | 100.0 | 100.0 |   N/A |   N/A | 100.0 |  15.0
       Dungeon | 100.0 | 100.0 |   N/A |   N/A | 100.0 |  15.0
               +-------+-------+-------+-------+-------+----------------------

Table legend: (Time is in decaauts)
 A = Elapsed time spent in this place.
 B = Non-inter-level travel time spent in this place.
 C = Inter-level travel time spent in this place.
 D = Time resting spent in this place.
 E = Time spent auto-exploring this place.
 F = Levels seen in this place.
 G = Mean time per level.
                   A        B        C        D        E       F      G
               +--------+--------+--------+--------+--------+-----+--------+
         Total |   1046 |   1041 |      5 |    271 |    643 |   2 |  523.0 |
       Dungeon |   1046 |   1041 |      5 |    271 |    643 |   2 |  523.0 |
               +--------+--------+--------+--------+--------+-----+--------+

Top non-repeatable levels by time:
     D:1: 902 daAuts
     D:2: 144 daAuts
